 Dungeon Crawl Stone Soup version 0.29.1-1-gd02db6906a (webtiles) character file.

Game seed: 4546955657833920553

44 Kahsius the Digger (level 3, -1/19 HPs)
             Began as a Gargoyle Earth Elementalist on Sept 23, 2022.
             Slain by Terence
             ... wielding a +0 flail
              (8 damage)
             ... on level 2 of the Dungeon.
             The game lasted 00:03:27 (1599 turns).

Kahsius the Digger (Gargoyle Earth Elementalist)    Turns: 1599, Time: 00:03:27

Health: -1/19      AC:  5    Str: 11    XL:     3   Next: 60%
Magic:  4/6        EV: 11    Int: 17    God:
Gold:   99         SH:  0    Dex: 10    Spells: 4/7 levels left

rFire   . . .      SeeInvis .   (no weapon)
rCold   . . .      Faith    .   (no shield)
rNeg    + . .      Spirit   .   a - +0 robe
rPois   ∞          Reflect  .   (no helmet)
rElec   +          Harm     .   (no cloak)
rCorr   +          Rampage  .   (no gloves)
Will    .....                   (no boots)
Stlth   ++........              (no amulet)
HPRegen 0.06/turn               f - ring of resist corrosion
MPRegen 0.10/turn               g - +4 ring of slaying

@: no status effects
A: sickness immunity, AC +3, negative energy resistance 1, electricity
resistance, torment resistance 1, petrification resistance
a: no special abilities


You were on level 2 of the Dungeon.
You visited 1 branch of the dungeon, and saw 2 of its levels.

You collected 99 gold pieces.

Inventory:

Armour
 a - a +0 robe (worn)
Jewellery
 f - a ring of resist corrosion (left hand)
 g - a +4 ring of slaying (right hand)
 l - a +4 ring of evasion
Wands
 j - a wand of charming (14)
Scrolls
 h - a scroll of teleportation {unknown}
 i - a scroll of identify {unknown}
Potions
 b - 2 potions of magic
 c - a potion of heal wounds {unknown}
 d - 2 potions of curing {unknown}
 e - a potion of flight {unknown}
 k - a potion of degeneration {unknown}


   Skills:
 - Level 1.5 Dodging
 - Level 2.1 Stealth
 + Level 2.6 Spellcasting
 + Level 1.6 Transmutations
 + Level 4.3 Earth Magic


You had 4 spell levels left.
You knew the following spells:

 Your Spells              Type           Power      Damage    Failure   Level
a - Sandblast             Erth           32%        2d9       3%          1
b - Passwall              Tmut/Erth      10%        N/A       9%          2

Your spell library contained the following spells:

 Spells                   Type           Power      Damage    Failure   Level
 Stone Arrow              Conj/Erth      18%        3d8       22%         3
 Ignite Poison            Fire/Tmut/Pois 4%         N/A       41%         3
 Petrify                  Tmut/Erth      12%        N/A       47%         4
 Portal Projectile        Hex/Tloc       4%         N/A       50%         3
 Manifold Assault         Tloc           2%         N/A       99%         5
 Borgnjor's Revivificati  Necr           1%         N/A       100%        8
 Necromutation            Tmut/Necr      2%         N/A       100%        8
 Death's Door             Necr           1%         N/A       100%        9
 Fire Storm               Conj/Fire      1%         7d1       100%        9


Dungeon Overview and Level Annotations

Branches:
Dungeon (2/15)

Altars:

Shops:
D:1 =

Annotations:
D:2 Terence


Innate Abilities, Weirdness & Mutations

You are immune to sickness and miasma.
Your stone body is resilient. (AC +3)
You are immune to poison.
You resist negative energy. (rN+)
You are resistant to electric shocks. (rElec)
You are resistant to unholy torment.
You are immune to petrification.


Message History

The blast of sand hits the adder.
You kill the adder!
HP restored.
There is an open door here.
Things that are here:
an adder corpse; a frilled lizard corpse You pick up a Necronomicon and begin reading...
You add the spells Borgnjor's Revivification, Necromutation and Death's Door to your library.
You open the door.
There is an open door here.
Found a mace.
You're too inexperienced to learn that spell!
Unknown command.
Unknown command.
Okay, then.
You see here a +0 mace.
A frilled lizard comes into view.
The frilled lizard hisses angrily.
A frilled lizard is nearby!
The blast of sand hits the frilled lizard!
You kill the frilled lizard!
A goblin comes into view. It is wielding a +0 club.
The blast of sand hits the goblin!
You kill the goblin!
Things that are here:
a +0 club; a goblin corpse You now have 99 gold pieces (gained 9).
Terence the Incautious comes into view.
He is wielding a +0 flail.
The blast of sand hits Terence but does no damage.
Terence hits you with a +0 flail. x2
The blast of sand misses Terence.
Terence hits you with a +0 flail.
You are too injured to fight recklessly!
You are too injured to fight recklessly!
Terence attacks as you move away! Terence hits you with a +0 flail.
Things that are here:
a +0 club; a goblin corpse Terence attacks as you move away!
Terence barely misses you. Terence attacks as you move away!
Terence misses you. Terence attacks as you move away!
Terence hits you with a +0 flail!
You die...

#.######### #.#
###.##
.....###########
##.#.#.........#
#####
##....#.#######.#
#.... #.....#.#####
#.# #.###
#.....)..@.# #.# #.#
##.###.###@# #.#
#.### #.###.###.#
#.... #.........#
#...# #####..####
#.... ##.# #...#
#.## #.... #..##
#####
####...###########..
+...................


You could see Terence.

Vanquished Creatures
  An adder (D:2)
  2 dart slugs
  4 ball pythons
  4 endoplasms
  2 giant cockroaches
  2 goblins
  A hobgoblin (D:1)
  3 jackals (D:1)
  2 kobolds (D:1)
  2 quokkas (D:1)
  4 frilled lizards
  2 rats (D:1)
29 creatures vanquished.

Vanquished Creatures (others)
  2 plants (D:1)
2 creatures vanquished.

Grand Total: 31 creatures vanquished

Notes
Turn   | Place    | Note
-------+----------+-------------------------------------------
     0 | D:1      | Kahsius the Gargoyle Earth Elementalist began the quest for
                  | the Orb.
     0 | D:1      | Reached XP level 1. HP: 10/10 MP: 3/3
   106 | D:1      | Reached skill level 1 in Transmutations
   148 | D:1      | Reached XP level 2. HP: 15/15 MP: 1/5
   255 | D:1      | Found a faded altar of an unknown god.
   267 | D:1      | Reached skill level 4 in Earth Magic
   407 | D:1      | Found Geloenag's Jewellery Boutique.
   620 | D:1      | Got the Collected Works on the Charred Tesseract
   669 | D:1      | Reached XP level 3. HP: 19/19 MP: 4/6
   950 | D:1      | Learned a level 2 spell: Passwall
  1591 | D:2      | Noticed Terence
  1599 | D:2      | Slain by Terence

Illustrated notes

Levels and vault maps discovered:
D:1:      shiori_shiawase, layout_basic, serial_bayou, serial_bayou_pond_a,
          serial_bayou_pond_e, serial_bayou_shore_a, serial_bayou_crossing,
          serial_shops, shop, ebering_ecumenical_altar_abandoned, st_stairs_8
D:2:      layout_loops_corners, columned_hall_lemuel, uniq_terence

Skill      XL: |  1  2 |
---------------+-------+-----
Transmutations | 1 |  1.6
Earth Magic    | 4 |  4.3
Dodging        | |  1.5
Stealth        | |  2.1
Spellcasting   | |  2.6

Action                   || total
-------------------------++-------
Melee: Unarmed           ||     4
 Cast: Sandblast         ||    39
       Passwall          ||     1
Armor: Robe              ||     2
Dodge: Dodged            ||     9
